 Dungeon Crawl Stone Soup version 0.31.0-12-g77e489cdc1 (webtiles) character file.

Game seed: 2561020424458960753

11912 NotaViper the Protected (level 11, -11/95 HPs)
             Began as an Armataur Chaos Knight on Feb 29, 2024.
             Was a Plaything of Xom.
             Shot with an arrow by Nessos (14 damage)
             ... on level 12 of the Dungeon on Mar 1, 2024.
             The game lasted 01:15:13 (13012 turns).

NotaViper the Protected (Armataur Chaos Knight)    Turns: 13012, Time: 01:15:15

Health: -11/95     AC: 19    Str: 22    XL:     11   Next: 55%
Magic:  0/11       EV:  6    Int: 12    God:    Xom [....*.]
Gold:   547        SH:  0    Dex: 13    Spells: 10/10 levels left

rFire   . . .        d - +12 mace "Xuav" {freeze, +Blink Str+3}
rCold   + . .        (no shield)
rNeg    . . .        j - +1 plate armour
rPois   .            o - +1 helmet
rElec   .            T - scarf {harm}
rCorr   .            (no gloves)
SInv    .            (no barding)
Will    .....        q - amulet of guardian spirit Stlth
                     n - ring of protection from fire
HPRegen 0.35/turn    r - ring of ice
MPRegen 0.12/turn

%: harm (+30% outgoing, +20% incoming), guardian spirit, roll
@: lethally poisoned (-11 -> -53)
A: large, deformed body, tough skin 3, armoured tail, roll 2, iridescent scales
1, wild magic 1, sturdy frame 1
a: Renounce Religion, Evoke Blink


You were on level 12 of the Dungeon.
You worshipped Xom.
You were a beloved toy of Xom.
You visited 3 branches of the dungeon, and saw 14 of its levels.

You collected 716 gold pieces.
You spent 169 gold pieces at shops.

Inventory:

Hand Weapons
 a - a +0 falchion of chaos
 d - the +12 mace "Xuav" (weapon) {freeze, +Blink Str+3}
   (You found it on level 7 of the Dungeon)

   Str+3:     It affects your strength (+3).
   +Blink:    It lets you blink.
 f - a +4 hand axe of freezing
 K - the +6 dagger "Peptytiwn" {elec, rC+ Dex+3}
   (You found it on level 5 of the Dungeon)

   Dex+3:     It affects your dexterity (+3).
   rC+:       It protects you from cold.
 Z - a +3 long sword of freezing
Missiles
 l - 3 javelins
 m - 74 stones (quivered)
 p - 13 poisoned darts
 H - 2 throwing nets
Armour
 j - a +1 plate armour (worn)
 o - a +1 helmet (worn)
 I - a +0 scale mail
 T - a scarf of harm (worn)
 W - a +0 troll leather armour
Magical Staves
 t - a staff of cold
Jewellery
 b - a +6 ring of intelligence
 n - a ring of protection from fire (left hand)
 q - an amulet of guardian spirit (around neck)
 r - a ring of ice (right hand)
Talismans
 P - a blade talisman
Wands
 s - a wand of light (7)
 v - a wand of digging (10)
 F - a wand of mindburst (1)
 S - a wand of iceblast (2)
Scrolls
 c - 2 scrolls of butterflies
 e - 2 scrolls of vulnerability
 g - 2 scrolls of noise
 k - a scroll of brand weapon
 y - 3 scrolls of blinking
 D - 2 scrolls of teleportation
 L - 3 scrolls of enchant weapon
 M - a scroll of identify
 N - a scroll of revelation {unknown}
 R - 2 scrolls of fog
 X - 2 scrolls of amnesia
 Y - a scroll of immolation {unknown}
Potions
 h - 2 potions of mutation
 i - a potion of magic
 u - 5 potions of curing
 w - 2 potions of attraction {unknown}
 x - a potion of enlightenment {unknown}
 z - a potion of brilliance {unknown}
 A - a potion of berserk rage {unknown}
 B - a potion of invisibility {unknown}
 G - a potion of resistance
 J - 2 potions of lignification {unknown}
 O - a potion of degeneration
 Q - a potion of might
 U - 7 potions of ambrosia
 V - a potion of cancellation {unknown}
Miscellaneous
 E - a box of beasts


   Skills:
 + Level 8.5 Fighting
 + Level 7.8(8.9) Short Blades
 + Level 6.5(8.2) Long Blades
 + Level 2.1 Maces & Flails
 + Level 2.0 Throwing
 + Level 13.2 Armour
 + Level 1.5 Dodging
 + Level 4.1 Stealth
 + Level 1.0 Evocations


You had 10 spell levels left.
You didn't know any spells.
Your spell library contained the following spells:

 Spells                   Type           Power      Damage    Failure   Level
 Sandblast                Erth           0%         2d4       95%         1
 Slow                     Hex            0%         N/A       95%         1
 Summon Small Mammal      Summ           0%         N/A       95%         1
 Call Canine Familiar     Summ           0%         N/A       100%        3
 Confusing Touch          Hex            0%         N/A       100%        3
 Passwall                 Erth           0%         N/A       100%        3
 Sigil of Binding         Hex            0%         N/A       100%        3
 Stone Arrow              Conj/Erth      0%         3d7       100%        3
 Vampiric Draining        Necr           0%         2d6       100%        3
 Brom's Barrelling Bould  Conj/Erth      0%         2d3       100%        4
 Dimensional Bullseye     Hex/Tloc       0%         N/A       100%        4
 Leda's Liquefaction      Alch/Erth      0%         N/A       100%        4
 Olgreb's Toxic Radiance  Alch           0%         N/A       100%        4
 Summon Blazeheart Golem  Fire/Summ      0%         N/A       100%        4
 Alistair's Intoxication  Alch           0%         N/A       100%        5
 Irradiate                Conj/Alch      0%         3d11      100%        5


Dungeon Overview and Level Annotations

Branches:
Dungeon (12/15)            Temple (0/1) D:6            Lair (1/5) D:10
    Orc (1/2) D:9

Altars:
Kikubaaqudgha
Makhleb
Okawaru
Ru
Zin

Shops:
D:6 *   D:10 ?

Annotations:
D:12 Nessos


Innate Abilities, Weirdness & Mutations

Armour fits poorly on your strangely shaped body.
You have extremely tough skin. (AC +3)
You have a long armoured tail.
You regenerate magic and health when rolling toward enemies. (Rampage Regen)
You are partially covered in iridescent scales. (AC +2)
Your spells are a little harder to cast, but a little more powerful.
Your movements are slightly less encumbered by armour. (ER -2)


Message History

You are poisoned.
You feel sick.
You feel sick.
Nessos shoots an arrow.
The arrow hits you! The arrow burns you.
You feel sick.
Nessos shoots an arrow.
The arrow hits you. The arrow burns you.
You are more poisoned.
You feel very sick.
You feel very sick.
Aiming: Dig
Press: ? - help, Shift-Dir - straight line Digging in that direction won't affect any walls.
Okay, then.
Blink to where?
Press: ? - help, Dir - move target
As you read the scroll of blinking, it crumbles to dust.
You feel sick.
Level annotation: Nessos Welcome back, NotaViper the Armataur Chaos Knight.
Xom titters.
Press ? for a list of commands and other information.
You start resting.
You feel sick.
Nessos shoots an arrow.
The arrow hits you! The arrow burns you.
You are more poisoned.
You feel very sick.
Nessos shoots an arrow.
The arrow hits you. The arrow burns you.
You are more poisoned.
You feel very sick.
Nessos shoots an arrow.
The arrow hits you but does no damage.
Nessos shoots an arrow.
The arrow hits you!
* * * LOW HITPOINT WARNING * * *
The arrow burns you.
You are more poisoned.
* * * LOW HITPOINT WARNING * * *
You feel much better.
You feel very sick.
Nessos shoots an arrow.
The arrow hits you!!
* * * LOW HITPOINT WARNING * * *
The arrow burns you!
You are more poisoned.
You die...
Xom howls with laughter!

#.#...#..........#..#......
#.#...#).#.......#..#.....#
#.....#..#.......#.........
#........#.....c.#..<......
#........#.......c.........
#........#....#####.......#
#........#....#...#....#...
#........#....#...#....# .#
#.....#....@..+...+....#...
#.....#.......#...........#
#.#...#......>#............
#.....#....................
#.....#..................#+
#.....#..................+
#.....#.......#.♣♣._.♣..##
#.....#.......###.♣♣♣♣###
#...### .. #


You could see Nessos (fast).

Vanquished Creatures
  4 two-headed ogres
  A cyclops (D:11)
  An unseen horror (D:10)
  4 trolls
  A queen bee (D:9)
  A hornet (D:10)
  Prince Ribbit (D:5)
  2 wraiths
  A wyvern (D:9)
  4 vampire mosquitoes (D:12)
  Menkaure (D:5)
  An acid dragon (D:10)
  Duvessa (D:5)
  4 orc warriors
  A water moccasin (D:7)
  2 black bears
  2 ice beasts
  2 ogres (D:5)
  9 centaurs
  A phantom (D:3)
  3 bullfrogs
  A gnoll sergeant (D:9)
  6 scorpions
  17 wights
  Dowan (D:5)
  27 killer bees (D:9)
  A howler monkey (D:6)
  4 jellies
  2 bombardier beetles
  3 gnoll boudas
  7 orc priests
  3 hounds (D:5)
  6 sleepcaps
  4 iguanas
  15 orc wizards
  A mummy (D:5)
  13 gnolls
  3 adders
  A shadow imp (D:7)
  4 ufetubi (D:6)
  5 dart slugs
  2 ribbon worms
  49 orcs
  2 ball pythons
  3 endoplasms (D:2)
  3 giant cockroaches
  5 goblins
  7 hobgoblins
  9 kobolds
  A quokka (D:3)
  4 bats
  2 frilled lizards
  A hobgoblin zombie (D:5)
  A kobold zombie (D:5)
  2 orc zombies (D:5)
  2 rats
264 creatures vanquished.

Vanquished Creatures (collateral kills)
  A water moccasin (D:5)
  An ogre (D:5)
  A dart slug (D:2)
  A bat (D:2)
4 creatures vanquished.

Vanquished Creatures (others)
  A quokka zombie (D:3)
1 creature vanquished.

Grand Total: 269 creatures vanquished

Notes
Turn   | Place    | Note
-------+----------+-------------------------------------------
     0 | D:1      | NotaViper the Armataur Chaos Knight began the quest for the
                  | Orb.
     0 | D:1      | Reached XP level 1. HP: 18/18 MP: 1/1
   238 | D:1      | You fall into a shaft and drop 1 floor!
   311 | D:1      | Reached XP level 2. HP: 23/26 MP: 2/2
   715 | D:2      | XOM: cast spell 'Summon Ice Beast'
   777 | D:2      | Reached skill level 3 in Armour
   809 | D:2      | Reached XP level 3. HP: 30/31 MP: 3/3
   986 | D:2      | Noticed a black bear
  1001 | D:2      | Killed a black bear
  1002 | D:2      | Reached XP level 4. HP: 10/38 MP: 4/4
  1151 | D:2      | Reached XP level 5. HP: 45/45 MP: 5/5
  1752 | D:3      | XOM: silly message
  1791 | D:3      | XOM: silly message
  1812 | D:3      | Reached skill level 4 in Armour
  2431 | D:3      | Noticed a phantom
  2450 | D:3      | Killed a phantom
  2451 | D:3      | Reached XP level 6. HP: 47/52 MP: 3/6
  2737 | D:4      | XOM: god gift: wand of mindburst (5)
  3102 | D:4      | XOM: divination: detect creatures
  3108 | D:4      | XOM: silly message
  3118 | D:4      | Reached skill level 5 in Long Blades
  3179 | D:4      | XOM: 4-stop teleportation journey
  3244 | D:4      | XOM: silly message
  3250 | D:4      | Reached skill level 5 in Armour
  3250 | D:4      | Reached skill level 1 in Stealth
  3318 | D:4      | XOM: summons 1 hostile shadow creature
  3331 | D:4      | XOM: 4-stop teleportation journey
  3692 | D:5      | Entered Level 5 of the Dungeon
  3698 | D:5      | Reached skill level 1 in Dodging
  3698 | D:5      | Gained mutation: You regenerate magic and health when
                  | rolling toward enemies. (Rampage Regen) [Armataur growth]
  3698 | D:5      | Reached XP level 7. HP: 49/59 MP: 5/7
  3738 | D:5      | Identified the +6 dagger "Peptytiwn" {elec, rC+ Dex+3}
  3781 | D:5      | Noticed Menkaure
  3797 | D:5      | Killed Menkaure
  3888 | D:5      | Reached skill level 6 in Armour
  3895 | D:5      | Reached skill level 1 in Short Blades
  4005 | D:5      | Found a burning altar of Makhleb.
  4005 | D:5      | Noticed Prince Ribbit
  4038 | D:5      | Killed Prince Ribbit
  4039 | D:5      | Reached XP level 8. HP: 36/67 MP: 3/8
  4164 | D:5      | Noticed Duvessa
  4166 | D:5      | Noticed Dowan
  4169 | D:5      | Killed Duvessa
  4174 | D:5      | Killed Dowan
  4175 | D:5      | Reached skill level 7 in Armour
  4460 | D:5      | Reached skill level 5 in Fighting
  4993 | D:5      | XOM: cast spell 'Summon Cactus Giant'
  5111 | D:6      | Reached skill level 8 in Armour
  5137 | D:6      | Reached XP level 9. HP: 74/74 MP: 9/9
  5145 | D:6      | Found Kyriosm's General Store.
  5150 | D:6      | Found a staircase to the Ecumenical Temple.
  5152 | D:6      | XOM: potion effect (curing)
  5158 | D:6      | XOM: 1-stop teleportation journey
  5269 | D:6      | Bought a scroll of identify for 24 gold pieces
  5564 | D:6      | XOM: summons 3 hostile shadow creatures
  5741 | D:6      | XOM: god gift: +2 great sword of electrocution
  5855 | D:6      | Found an ancient bone altar of Kikubaaqudgha.
  6048 | D:7      | XOM: potion effect (might)
  6049 | D:7      | XOM: enchant monster (bad)
  6089 | D:7      | XOM: noise
  6090 | D:7      | Reached skill level 9 in Armour
  6111 | D:7      | Identified the +12 mace "Xuav" {freeze, +Blink Str+3}
  6340 | D:7      | Found an iron altar of Okawaru.
  6586 | D:7      | Reached skill level 5 in Short Blades
  6586 | D:7      | Reached skill level 1 in Throwing
  7006 | D:7      | XOM: silly message
  7137 | D:8      | XOM: confuse monster(s)
  7152 | D:8      | XOM: divination: magic mapping
  7188 | D:8      | Reached skill level 10 in Armour
  7196 | D:8      | Got the Verses on the Snake
  7463 | D:8      | XOM: god gift: 5 stones
  7627 | D:8      | XOM: divination: detect creatures
  7675 | D:9      | Noticed a two-headed ogre
  7679 | D:9      | XOM: cast spell 'Alistair's Intoxication'
  7687 | D:9      | Killed a two-headed ogre
  7688 | D:9      | Reached XP level 10. HP: 19/84 MP: 2/10
  7963 | D:9      | XOM: summons friendly crimson imp
  7974 | D:9      | XOM: confuse monster(s)
  7985 | D:9      | XOM: 3-stop teleportation journey
  8061 | D:9      | XOM: confuse monster(s)
  8118 | D:9      | XOM: confusion (+ monsters)
  8301 | D:9      | Reached skill level 11 in Armour
  8302 | D:9      | XOM: divination: detect creatures
  8309 | D:9      | Reached skill level 1 in Evocations
  8311 | D:9      | XOM: enchant monster (bad)
  8333 | D:9      | XOM: noise
  8335 | D:9      | XOM: divination: detect items
  8354 | D:9      | XOM: potion effect (might)
  8619 | D:9      | Found a staircase to the Orcish Mines.
  8621 | D:9      | XOM: polymorph orc -> hobgoblin
  8703 | Orc:1    | Entered Level 1 of the Orcish Mines
  8975 | D:9      | Noticed a two-headed ogre
  8983 | D:9      | Killed a two-headed ogre
  9214 | D:9      | XOM: god gift: 13 gold pieces
  9416 | D:10     | Entered Level 10 of the Dungeon
  9435 | D:10     | Found Elaotos's Magic Scroll Shop.
  9445 | D:10     | Bought a scroll of identify for 20 gold pieces
  9445 | D:10     | Bought a scroll of identify for 20 gold pieces
  9445 | D:10     | Bought a scroll of blinking for 75 gold pieces
  9445 | D:10     | Bought a scroll of teleportation for 30 gold pieces
  9536 | D:10     | XOM: summons 3 friendly demons
  9547 | D:10     | Reached XP level 11. HP: 62/94 MP: 9/11
  9641 | D:10     | Noticed a two-headed ogre
  9645 | D:10     | XOM: enchant monster (good)
  9648 | D:10     | XOM: divination: detect creatures
  9653 | D:10     | Killed a two-headed ogre
  9654 | D:10     | Reached skill level 12 in Armour
  9701 | D:10     | XOM: god gift: 40 gold pieces
  9853 | D:10     | XOM: divination: detect creatures
  9862 | D:10     | Paralysed by a hornet for 2 turns
  9939 | D:10     | XOM: god gift: 41 gold pieces
 10150 | D:10     | XOM: scenery: 1 doors open, 1 doors close
 10360 | D:10     | Found a staircase to the Lair.
 10375 | Lair:1   | Entered Level 1 of the Lair of Beasts
 10512 | D:10     | XOM: silly message
 10632 | D:10     | XOM: silly message
 10885 | D:10     | Found a sacrificial altar of Ru.
 11194 | D:11     | XOM: summons 6 hostile demons
 11246 | D:11     | XOM is BORED!
 11246 | D:11     | XOM: summons 2 hostile shadow creatures
 11247 | D:11     | Noticed a green ugly thing
 11259 | D:11     | HP: 4/94 [poisoned by a green ugly thing]
 11260 | D:11     | Xom revived you
 11294 | D:11     | XOM: 6-stop teleportation journey
 11343 | D:11     | XOM: 1-stop teleportation journey
 11533 | D:11     | XOM: noise
 11725 | D:11     | XOM: 2-stop teleportation journey
 11743 | D:11     | XOM: 1-stop teleportation journey
 11826 | D:11     | XOM: summons 4 hostile demons
 11917 | D:11     | Noticed a two-headed ogre
 11927 | D:11     | Killed a two-headed ogre
 11928 | D:11     | Reached skill level 1 in Maces & Flails
 12059 | D:11     | XOM: give mutations
 12059 | D:11     | Gained mutation: Your movements are slightly less
                  | encumbered by armour. (ER -2) [Xom's grace]
 12059 | D:11     | Gained mutation: Your spells are a little harder to cast,
                  | but a little more powerful. [Xom's grace]
 12059 | D:11     | Gained mutation: You are partially covered in iridescent
                  | scales. (AC +2) [Xom's grace]
 12259 | D:11     | XOM: confusion (+ monsters)
 12455 | D:11     | XOM: cloud trail
 12771 | D:12     | Reached skill level 13 in Armour
 12996 | D:12     | Found a glowing silver altar of Zin.
 12999 | D:12     | Noticed Nessos
 13012 | D:12     | HP: 3/95 [Nessos/arrow (28)]
 13012 | D:12     | Shot with an arrow by Nessos

Illustrated notes

Levels and vault maps discovered:
D:1:      lightli_arrival_quake, layout_rooms, nicolae_wormholes
D:2:      layout_basic
D:3:      minmay_octagon_keep, layout_loops_corners, serial_rivers,
          chequers_serial_rivers_small_a, chequers_serial_rivers_marsh,
          chequers_serial_rivers_micro_d, chequers_serial_rivers_small_a,
          chequers_serial_rivers_small_a
D:4:      layout_loops_ring
D:5:      layout_cave_pods, makhleb_heckhound_becter, minmay_mini_ossuary,
          uniq_prince_ribbit1, uniq_menkaure, uniq_duvessa
D:6:      layout_basic, lemuel_coloured_pillars_altar,
          minmay_temple_entry_offerings, serial_shops, shop_statue
D:7:      layout_cave_pods, lemuel_doored_altar
D:8:      layout_rooms, kennysheep_generic_room_3
D:9:      layout_roguey [special_room_bee], hiddenorc2_lemuel
D:10:     minmay_skewed_foursquare, layout_small_grid, nicolae_ru_path_of_blood,
          dpeg_oklobed_lair, serial_shops, shop, chequers_serial_rivers_room_a
D:11:     layout_basic, minmay_strange_pillars
D:12:     minmay_the_grid_3x2 [minmay_the_grid_minigrid_small,
          minmay_the_grid_holed_spiral, minmay_the_grid_gridbox,
          minmay_the_grid_garden, minmay_the_grid_tri_star,
          minmay_the_grid_prize_big_room], layout_stronghold,
          serial_co_window_serial, co_window_paths_b,
          co_window_of_opportunity_a, co_window_corner_a, co_window_corner_a,
          co_window_of_opportunity_a, co_window_unsneaky_path_b,
          co_window_2corner, co_window_broadway_b, co_window_paths_d,
          glass_columns_c, zin_academy, uniq_nessos, uniq_nergalle
Lair:1:   layout_chaotic_city, infiniplex_staircase_pool_2, serial_bayou_shore_a
Orc:1:    layout_caves, serial_shops, shop

Skill      XL: |  1  2  3  4  5  6  7  8  9 10 11 |
---------------+----------------------------------+-----
Fighting       | 3 4 5 6 7 8 |  8.5
Long Blades    | 3 4 5 6 |  6.5
Armour         | 3 4 5 6 8 10 11 13 | 13.2
Stealth        | 1 2 3 4 |  4.1
Dodging        | 1 |  1.5
Short Blades   | 1 3 6 7 |  7.8
Throwing       | 1 2 |  2.0
Evocations     | 1 |  1.0
Maces & Flails | 2 |  2.1

Action                     |  1- 3 |  4- 6 |  7- 9 | 10-12 || total
---------------------------+-------+-------+-------+-------++-------
  Melee: Falchion          |    56 |   128 |       |       ||   184
         Tailslap          |     7 |    16 |    57 |    67 ||   147
         Punch             |       |     2 |     8 |    10 ||    20
         Dagger            |       |       |   317 |   342 ||   659
         Mace              |       |       |       |    70 ||    70
  Throw: Stone             |       |     7 |     1 |     5 ||    13
         Dart              |       |       |     4 |       ||     4
         Javelin           |       |       |     3 |       ||     3
  Evoke: Wand              |       |       |     4 |     5 ||     9
    Use: Scroll            |       |     4 |     3 |    13 ||    20
         Potion            |       |     1 |     1 |     4 ||     6
   Stab: Petrified         |     1 |       |       |       ||     1
         Confused          |       |     1 |       |     1 ||     2
         Paralysed         |       |     1 |       |       ||     1
         Invisible         |       |       |       |     2 ||     2
 Armour: Leather armour    |    13 |       |       |       ||    13
         Plate armour      |    62 |   102 |   256 |   542 ||   962
  Dodge: Dodged            |     9 |    17 |    44 |    99 ||   169
